 Dungeon Crawl Stone Soup version 0.22-a0-803-gd6d8abe (webtiles) character file.

73322 SynthwaveOgre the Warrior (level 15, -24/169 HPs)
             Began as an Ogre Transmuter on July 22, 2018.
             Was the Champion of Okawaru.
             Killed from afar by a deep elf knight (35 damage)
             ... with a shard of ice
             ... on level 12 of the Dungeon.
             The game lasted 00:52:02 (27930 turns).

SynthwaveOgre the Warrior (Ogre Transmuter)        Turns: 27930, Time: 00:52:02

Health: -24/169    AC: 16    Str: 19    XL:     15   Next: 43%
Magic:  11/23      EV: 14    Int: 18    God:    Okawaru [******]
Gold:   1898       SH:  0    Dex:  9    Spells: 7/25 levels left

rFire    . . .     SeeInvis +     - Unarmed
rCold    . . .     Gourm    .   (shield currently unavailable)
rNeg     . . .     Faith    .   U - +3 acid dragon scales
rPois    .         Spirit   .   T - +1 hat
rElec    .         Reflect  .   Z - scarf {cloud immunity}
rCorr    +         Harm     .   (gloves unavailable)
MR       +....                  (boots unavailable)
Stlth    ++........             (no amulet)
HPRegen  0.38/turn              j - +3 ring of protection
MPRegen  0.18/turn              o - ring of see invisible

@: blade hands, heroism, very slightly contaminated, drained
A: large, unfitting armour, tough skin 1
a: End Transformation, Heroism, Finesse, Renounce Religion


You were on level 12 of the Dungeon.
You worshipped Okawaru.
Okawaru was exalted by your worship.
You were very hungry.
You had blades for hands.
You visited 4 branches of the dungeon, and saw 21 of its levels.
You also visited: Sewer and Ossuary.

You collected 2223 gold pieces.
You spent 325 gold pieces at shops.

Inventory:

Missiles
 a - 422 arrows
 g - 2 throwing nets (quivered)
 Q - 10 large rocks
Armour
 I - +0 steam dragon scales
 T - a +1 hat (worn)
 U - +3 acid dragon scales (worn)
 Z - a scarf of cloud immunity (worn)
Jewellery
 b - an uncursed ring of stealth
 j - a +3 ring of protection (left scythe-like blade)
 l - a +3 ring of protection
 o - a ring of see invisible (right scythe-like blade)
 p - an uncursed ring of wizardry
 z - an uncursed ring of ice
 A - an uncursed ring of protection from cold
 B - an uncursed ring of resist corrosion
 D - an uncursed ring of poison resistance
 L - an uncursed ring of protection from magic
Wands
 t - a wand of random effects (48)
 u - a wand of paralysis (10)
 y - a wand of digging (13)
 G - a wand of flame (68)
 M - a wand of iceblast (11)
 N - a wand of disintegration (11)
 R - a wand of acid (7)
 W - a wand of clouds (6)
 X - a wand of enslavement (16)
Scrolls
 m - 2 scrolls of fog
 n - 8 scrolls of teleportation
 w - 9 scrolls of remove curse
 x - a scroll of holy word {unknown}
 C - 2 scrolls of immolation {unknown}
 E - 2 scrolls of amnesia {unknown}
 F - 2 scrolls of noise {unknown}
 H - 2 scrolls of summoning {unknown}
 O - 2 scrolls of brand weapon {unknown}
 P - a scroll of blinking {unknown}
Potions
 c - 5 potions of heal wounds
 e - a potion of ambrosia
 f - 2 potions of lignification
 h - 2 potions of magic
 i - 8 potions of flight
 k - 13 potions of curing
 q - 3 potions of mutation {unknown}
 r - 3 potions of resistance {unknown}
 s - 3 potions of agility {unknown}
 v - a potion of berserk rage {unknown}
 J - 2 potions of haste {unknown}
 K - 2 potions of might {unknown}
 S - 2 potions of brilliance {unknown}
 V - 2 potions of invisibility
Comestibles
 d - 27 rations


   Skills:
 + Level 15.8(19.6) Fighting
 - Level 1.4(5.5) Throwing
 + Level 4.7(8.9) Armour
 - Level 8.0(12.1) Dodging
 - Level 1.4(5.6) Stealth
 - Level 15.1(19.0) Unarmed Combat
 + Level 5.7(4.9) Spellcasting
 + Level 7.3(6.5) Transmutations
 - Level 5.0(4.2) Ice Magic
 - Level 1.4(0.8) Poison Magic
 - Level 3.4(2.6) Invocations
 - Level 6.1(5.3) Evocations


You had 7 spell levels left.
You knew the following spells:

 Your Spells              Type           Power        Failure   Level  Hunger
a - Beastly Appendage     Tmut           ####..       16%         1    None
b - Sticks to Snakes      Tmut           ####....     19%         2    #......
c - Spider Form           Tmut/Pois      ###.......   47%         3    ###....
d - Ice Form              Ice/Tmut       ###.....     61%         4    ####...
e - Confusing Touch       Hex            #.....       58%         1    None
f - Blade Hands           Tmut           ####......   73%         5    ######.
E - Swiftness             Chrm/Air       #.......     69%         2    #......

Your spell library contained the following spells:

 Spells                   Type           Power        Failure   Level  Hunger
 Magic Dart               Conj           #...         58%         1    None
 Lightning Bolt           Conj/Air       #.........   100%        5    ######.
 Confuse                  Hex            #.......     85%         3    ###....
 Iskenderun's Mystic Bla  Conj           #.......     99%         4    ####...
 Tukima's Dance           Hex            #.......     85%         3    ###....
 Stone Arrow              Conj/Erth      #.....       85%         3    ###....
 Shock                    Conj/Air       #...         58%         1    None
 Airstrike                Air            #.........   99%         4    ####...
 Passwall                 Tmut/Erth      ###.....     36%         2    #......
 Ensorcelled Hibernation  Hex/Ice        ##....       47%         2    #......
 Metabolic Englaciation   Hex/Ice        ##........   99%         5    ######.
 Static Discharge         Conj/Air       #.......     85%         3    ###....
 Corona                   Hex            #......      58%         1    None
 Lee's Rapid Deconstruct  Erth           #.........   100%        5    ######.
 Sandblast                Erth           #.....       58%         1    None
 Petrify                  Tmut/Erth      ###.....     80%         4    ####...
 Fulminant Prism          Conj/Hex       #.........   99%         4    ####...
 Dazzling Spray           Conj/Hex       #.....       85%         3    ###....
 Force Lance              Conj/Tloc      #.......     99%         4    ####...
 Searing Ray              Conj           #.....       69%         2    #......
 Gell's Gravitas          Tloc           #.........   85%         3    ###....
 Yara's Violent Unravell  Hex/Tmut       ###.......   97%         5    ######.


Dungeon Overview and Level Annotations

Branches:
Dungeon (13/15)            Temple (1/1) D:4            Lair (6/6) D:11
  Swamp (0/4) Lair:2       Spider (0/4) Lair:3        Slime (0/5) Lair:6
    Orc (1/2) D:12
 Vaults: D:13-14

Altars:
Ashenzari
Cheibriados
Dithmenos
Elyvilon
Fedhas
Gozag
Hepliaklqana
Kikubaaqudgha
Makhleb
Nemelex Xobeh
Okawaru
Qazlal
Ru
Sif Muna
Trog
Uskayaw
Vehumet
Wu Jian
Xom
Yredelemnul
Zin
The Shining One

Shops:
D:10 =

Annotations:
Lair:6 exclusion: 4 oklob plants


Innate Abilities, Weirdness & Mutations

You are too large for most types of armour.
You have tough skin. (AC +1)


Message History

Your hands turn into razor-sharp scythe blades.
The deep elf knight barely misses you.
Unknown command.
You slash the deep elf knight!
The deep elf knight is moderately wounded.
You are feeling very hungry.
The deep elf knight points at you and mumbles some strange words.
The shard of ice hits you!
* * * LOW HITPOINT WARNING * * *
Unknown command.
You slice the deep elf knight!!
The deep elf knight is severely wounded.
The deep elf knight hits you with a long sword.
* * * LOW HITPOINT WARNING * * *
Unknown command.
You hit the deep elf knight. Your slash misses the deep elf knight.
The deep elf knight is almost dead.
The deep elf knight gestures at you while chanting.
The shard of ice hits you!
You die...

#.##..........# #....#.......
###.##.##.......###.#..#.####..
#....#.##.......#...#....#.....
###.##.#######..#.###.##.#.####
#.##.................#.....#.
#...###########........#....[
###.##### ###..........#.#[<)
#.....# #.e.##.......#..[..
#####.# #.@.##.###......... #.#
###........######## #(#
######.##.......... #.#
#.........#..###### #.#
#.###.#####.....# #.# #.# #.#
##.##.### #.###.# #.# #.##...#
#.....# #.# #.####.# #######
#.# #.# #..


You could see a deep elf knight (invisible).

Vanquished Creatures
  Nessos (D:13)
  A dire elephant (Lair:6)
  Josephine (Orc:1)
  7 hydras
  3 centaur warriors (D:13)
  2 catoblepae (Lair:6)
  2 death knights (D:11)
  3 two-headed ogres
  25 death yaks
  An unseen horror (D:13)
  2 deep elf magi (D:13)
  A lindwurm (Lair:6)
  2 ugly things
  2 cyclopes
  2 manticores (Lair:6)
  The ghost of Kuinu the Firebug, a novice DrFE of Sif Muna (D:6)
  An orc sorcerer (Orc:1)
  2 oklob plants
  3 elephants
  10 spiny frogs
  6 black mambas
  A torpor snail (Lair:3)
  5 rime drakes (Lair:6)
  A freezing wraith (D:11)
  A kobold demonologist (D:13)
  2 tormentors (D:11)
  A meliai (D:13)
  A hornet (D:11)
  5 trolls
  Prince Ribbit (D:7)
  16 hippogriffs
  A meliai zombie (D:13)
  2 dream sheep (Lair:6)
  3 blink frogs (Lair:3)
  A slime creature (D:13)
  11 wraiths
  2 redbacks (Lair:3)
  34 yaks
  A vampire (D:11)
  6 basilisks
  A human (D:7)
  10 wyverns
  4 hogs (D:7)
  2 steam dragons (D:9)
  Grum (Lair:1)
  3 hungry ghosts
  A vampire mosquito (D:13)
  6 insubstantial wisps (Lair:2)
  An acid dragon (D:13)
  A warg (Orc:1)
  18 water moccasins
  A hell hound (Lair:6)
  7 porcupines
  Duvessa (D:7)
  A sky beast (D:12)
  6 orc warriors
  A hornet zombie (D:9)
  4 black bears
  6 ice beasts
  2 phantoms
  6 ogres
  A necrophage (D:8)
  5 wolves
  9 centaurs
  5 big kobolds
  5 crocodiles
  6 elf zombies
  21 bullfrogs
  A wyvern zombie (D:13)
  Dowan (D:7)
  A wyvern skeleton (D:13)
  10 wights
  A scorpion (D:8)
  6 killer bees (D:10)
  4 electric eels
  5 howler monkeys
  3 crimson imps
  A bullfrog zombie (D:9)
  2 quasits
  4 centaur zombies
  2 human zombies (D:8)
  7 jellies
  11 orc wizards
  A wyvern simulacrum (D:13)
  6 hounds
  9 orc priests
  2 bullfrog skeletons
  3 human skeletons (D:8)
  11 worker ants
  2 big kobold zombies (Ossuary)
  2 hound zombies
  2 hound skeletons
  6 mummies
  A gnoll (D:7)
  15 adders
  A river rat (Sewer)
  3 shadow imps
  15 oozes (Lair:3)
  2 adder zombies (Ossuary)
  5 worms
  5 leopard geckos
  48 orcs
  5 giant cockroaches
  9 goblins
  11 hobgoblins
  9 jackals
  7 quokkas
  2 ball pythons
  6 bats
  9 frilled lizards
  10 hobgoblin zombies (Ossuary)
  19 kobolds
  10 kobold zombies (Ossuary)
  7 orc zombies (Ossuary)
  A quokka skeleton (D:4)
  13 rats
  A rat zombie (Ossuary)
  2 plants
627 creatures vanquished.

Vanquished Creatures (collateral kills)
  An orc (D:3)
  2 jackals (D:1)
  2 kobolds (Sewer)
  A jackal skeleton (D:2)
6 creatures vanquished.

Vanquished Creatures (others)
  7 fungi
  16 plants
23 creatures vanquished.

Grand Total: 656 creatures vanquished

Notes
Turn   | Place    | Note
-------+----------+-------------------------------------------
     0 | D:1      | SynthwaveOgre the Ogre Transmuter began the quest for the Orb.
     0 | D:1      | Reached XP level 1. HP: 19/19 MP: 3/3
   457 | D:1      | Reached XP level 2. HP: 28/28 MP: 3/5
   464 | D:1      | Learned a level 2 spell: Sticks to Snakes
   937 | D:1      | Reached XP level 3. HP: 32/36 MP: 2/6
   942 | D:1      | Learned a level 3 spell: Spider Form
  1509 | D:1      | Reached skill level 1 in Poison Magic
  2000 | D:2      | Found a glowing golden altar of the Shining One.
  2023 | D:2      | Reached XP level 4. HP: 44/44 MP: 3/7
  2427 | D:3      | Found a stormy altar of Qazlal.
  2604 | D:3      | Reached XP level 5. HP: 33/53 MP: 0/8
  3678 | D:4      | Found a staircase to the Ecumenical Temple.
  3720 | Temple   | Entered the Ecumenical Temple
  3842 | D:4      | Noticed an ice beast
  3885 | D:4      | Killed an ice beast
  3885 | D:4      | Reached XP level 6. HP: 41/62 MP: 0/9
  4010 | D:4      | Reached skill level 5 in Unarmed Combat
  5014 | D:4      | Reached skill level 5 in Fighting
  5014 | D:4      | Reached XP level 7. HP: 72/72 MP: 4/10
  5144 | D:5      | Entered Level 5 of the Dungeon
  5398 | D:5      | Reached skill level 1 in Stealth
  5423 | D:5      | Reached XP level 8. HP: 76/83 MP: 7/11
  5465 | D:5      | Found a glowing drain.
  5490 | Sewer    | Entered a sewer
  5758 | Sewer    | Found a glowing silver altar of Zin.
  6081 | D:6      | Found a sand-covered staircase.
  6086 | Ossuary  | Entered an ossuary
  7327 | D:6      | Reached XP level 9. HP: 94/94 MP: 8/12
  7440 | D:6      | Learned a level 4 spell: Ice Form
  7677 | D:6      | Found a large runed door.
  7677 | D:6      | Found a large runed door.
  7678 | D:6      | Noticed Kuinu's ghost (novice DrFE)
  7871 | D:7      | Noticed Prince Ribbit
  7912 | D:7      | Killed Prince Ribbit
  8011 | D:7      | Found a glowing silver altar of Zin.
  8213 | D:7      | Noticed Duvessa
  8220 | D:7      | Killed Duvessa
  8233 | D:7      | Noticed Dowan
  8237 | D:7      | Killed Dowan
  8665 | D:7      | Reached skill level 5 in Transmutations
  8890 | D:7      | Reached XP level 10. HP: 89/106 MP: 11/13
  8927 | D:7      | Found an iron altar of Okawaru.
  8941 | D:7      | Became a worshipper of Warmaster Okawaru
  8983 | D:8      | Reached skill level 1 in Ice Magic
  9075 | D:8      | Noticed a two-headed ogre
  9588 | D:8      | Killed a two-headed ogre
  9588 | D:8      | Reached * piety under Okawaru
  9588 | D:8      | Reached skill level 5 in Ice Magic
  9642 | D:6      | Killed Kuinu's ghost
  9642 | D:6      | Reached ** piety under Okawaru
  9949 | D:8      | Found an ancient bone altar of Kikubaaqudgha.
 10466 | D:9      | Reached skill level 10 in Unarmed Combat
 10478 | D:9      | Reached skill level 1 in Invocations
 10532 | D:9      | Reached *** piety under Okawaru
 10544 | D:9      | Reached XP level 11. HP: 106/117 MP: 10/14
 10547 | D:9      | Reached skill level 10 in Fighting
 10761 | D:9      | Found an opulent altar of Gozag.
 10763 | D:9      | Found a hazy altar of Hepliaklqana.
 11228 | D:10     | Entered Level 10 of the Dungeon
 11744 | D:10     | Found Myxuebbe's Jewellery Shop.
 12091 | D:10     | Bought an uncursed ring of protection from magic for 325 gold pieces
 12308 | D:11     | Noticed a death knight
 12590 | D:11     | Killed a death knight
 13622 | D:11     | Reached **** piety under Okawaru
 13767 | D:11     | Noticed a death knight
 13777 | D:11     | Killed a death knight
 13777 | D:11     | Received a gift from Okawaru
 14055 | D:11     | Reached ***** piety under Okawaru
 14063 | D:11     | Found a staircase to the Lair.
 14135 | D:11     | Found an iron altar of Okawaru.
 14289 | D:11     | Learned a level 2 spell: Swiftness
 14561 | D:12     | Noticed a two-headed ogre
 14573 | D:12     | Killed a two-headed ogre
 14573 | D:12     | Noticed a cyclops
 14703 | D:12     | Killed a cyclops
 14703 | D:12     | Reached XP level 12. HP: 51/132 MP: 10/15
 15046 | D:12     | Reached skill level 1 in Throwing
 15094 | D:12     | Reached skill level 1 in Evocations
 15948 | D:12     | Noticed a two-headed ogre
 15954 | D:12     | Killed a two-headed ogre
 16012 | D:12     | Received a gift from Okawaru
 16256 | D:12     | Found a staircase to the Orcish Mines.
 16478 | D:13     | Noticed a centaur warrior
 16644 | D:13     | Noticed Nessos
 16655 | D:13     | Killed Nessos
 17185 | D:13     | Killed a centaur warrior
 17387 | D:13     | Reached skill level 5 in Evocations
 17680 | D:13     | Received a gift from Okawaru
 18137 | D:13     | Reached XP level 13. HP: 105/140 MP: 6/17
 19264 | Lair:1   | Entered Level 1 of the Lair of Beasts
 19930 | Lair:1   | Noticed Grum
 19948 | Lair:1   | Killed Grum
 20782 | Lair:2   | Found a staircase to the Swamp.
 20853 | Lair:2   | Received a gift from Okawaru
 21992 | Lair:3   | Found a hole to the Spider Nest.
 22074 | Lair:3   | Received a gift from Okawaru
 22074 | Lair:3   | Reached skill level 15 in Unarmed Combat
 22408 | Lair:3   | Learned a level 1 spell: Confusing Touch
 23690 | Lair:5   | Reached XP level 14. HP: 154/154 MP: 18/18
 23733 | Lair:5   | Reached skill level 5 in Dodging
 24011 | Lair:5   | Received a gift from Okawaru
 24634 | Lair:5   | Reached ****** piety under Okawaru
 24638 | Lair:5   | Received a gift from Okawaru
 24793 | Lair:5   | Received a gift from Okawaru
 25159 | Lair:5   | Learned a level 5 spell: Blade Hands
 25203 | Lair:6   | Entered Level 6 of the Lair of Beasts
 25272 | Lair:6   | Noticed a dire elephant
 25282 | Lair:6   | Reached skill level 1 in Armour
 25738 | Lair:6   | Reached skill level 15 in Fighting
 26029 | Lair:6   | Reached XP level 15. HP: 28/167 MP: 15/20
 26466 | Lair:6   | Found a staircase to the Slime Pits.
 27181 | Lair:6   | Reached skill level 5 in Spellcasting
 27215 | Lair:6   | Received a gift from Okawaru
 27613 | Orc:1    | Entered Level 1 of the Orcish Mines
 27686 | Orc:1    | Noticed Josephine
 27693 | Orc:1    | Received a gift from Okawaru
 27695 | Orc:1    | Killed Josephine
 27868 | Orc:1    | Noticed an orc warlord
 27930 | D:12     | Killed from afar by a deep elf knight

Vault maps used:
D:1:      roderic_chinese_lattice_arrival, minmay_misc_feat_five
D:2:      tso_oasis_becter, st_stairs_1
D:3:      grunt_qazlal_clouds, first_ration
D:4:      minmay_temple_entry_trees, minmay_bent
D:5:      black_bear_nest_2, cheibrodos_sewer_entry_bend
D:6:      ebering_ghost_disaster_area, enter_ossuary_5
D:7:      kennysheep_little_box, okawaru_altar_gauntlet_db, grunt_livestock,
          uniq_duvessa, uniq_prince_ribbit1
D:8:      basic_loot_grate_trap, grunt_decor_one_mirror,
          lemuel_mausoleum_altar_kikubaaqudgha
D:9:      chequers_temple_overflow_statue_of_worship, kennysheep_windowed_goal
D:10:     serial_shops, shop, patterned_corridor
D:11:     cheibrodos_tormentor_scu, david_lair_generic, basic_altar
D:12:     orc_0_dummy
D:13:     minmay_quarter_circles, uniq_nessos
Temple:   compressed_dpeg_circular_temple
Lair:1:   guppyfry_lair_drakes, lemuel_fruit_fields, uniq_grum
Lair:2:   minmay_swamp_entry_wisps, grunt_megastairs_4
Lair:3:   lemuel_slime, spider_nest_entry_webs, serial_bayou,
          serial_bayou_pond_e, serial_bayou_pond_a, serial_bayou_crossing,
          serial_bayou_pond_b, serial_bayou_shore_b, serial_bayou_lake_a
Lair:4:   st_stairs_3, serial_bayou_shore_a, infiniplex_staircase_pool
Lair:5:   beast_lair_carwin_large_4, cheibrodos_lair_reptile_den
Lair:6:   hangedman_lair_in_review, wormcave, minmay_slime_entry_oklob_enclosed,
          special_room, nicolae_quartered_pool_super
Orc:1:    elf_legates, uniq_josephine
Sewer:    sewer_kobolds
Ossuary:  ossuary_tomb_1

Skill      XL: |  1  2  3  4  5  6  7  8  9 10 11 12 13 14 15 |
---------------+----------------------------------------------+-----
Unarmed Combat | 3 4 5 6 8 9 10 12 13 15 | 15.1
Fighting       | 2 3 4 5 6 7 8 9 12 13 15 | 15.8
Poison Magic   | 1 |  1.4
Transmutations | 2 5 6 7 |  7.3
Stealth        | 1 |  1.4
Dodging        | 3 4 8 |  8.0
Ice Magic      | 5 |  5.0
Invocations    | 1 2 3 |  3.4
Throwing       | 1 |  1.4
Evocations     | 5 6 |  6.1
Armour         | 3 4 |  4.7
Spellcasting   | 3 5 |  5.7

Action                   |  1- 3 |  4- 6 |  7- 9 | 10-12 | 13-15 || total
-------------------------+-------+-------+-------+-------+-------++-------
Melee: Unarmed           |   116 |   158 |   359 |   595 |   642 ||  1870
       Kick              |     7 |       |       |       |       ||     7
       Headbutt          |     3 |       |       |       |       ||     3
       Punch             |       |       |     3 |     3 |     2 ||     8
 Cast: Beastly Appendage |    17 |     1 |       |       |       ||    18
       Sticks to Snakes  |     5 |     4 |     3 |       |     2 ||    14
       Spider Form       |    10 |    25 |    40 |    46 |     4 ||   125
       Ice Form          |       |       |       |    32 |    57 ||    89
       Blade Hands       |       |       |       |       |    11 ||    11
Invok: Heroism           |       |       |       |    21 |    24 ||    45
       Finesse           |       |       |       |       |     3 ||     3
 Abil: End Transformatio |       |     1 |       |     1 |     2 ||     4
Evoke: Wand              |       |       |     3 |     3 |     3 ||     9
  Use: Scroll            |       |     4 |     6 |     7 |    11 ||    28
       Potion            |       |       |       |     1 |     2 ||     3
 Stab: Paralysed         |       |       |     3 |     7 |       ||    10
       Sleeping          |       |       |     1 |     2 |     3 ||     6
       Petrified         |       |       |       |       |     2 ||     2
       Petrifying        |       |       |       |       |     1 ||     1
  Eat: Chunk             |     6 |    10 |    11 |    23 |    29 ||    79
       Ration            |       |     1 |     2 |     7 |     6 ||    16
Armor: Robe              |    18 |    14 |    30 |     4 |       ||    66
       Skin              |       |     9 |    37 |   114 |    80 ||   240
       Steam dragon scal |       |       |       |     4 |     1 ||     5
       Acid dragon scale |       |       |       |       |    28 ||    28
Dodge: Dodged            |    70 |   105 |   251 |   357 |   255 ||  1038

Table legend:
 A = Spawn XP
 B = Non-spawn XP
 C = Spawn XP percentage of total XP
 D = Spawn monster count
 E = Non-spawn monster count
 F = Spawn count percentage of total count
 G = Total turns spent on level
                    A         B        C        D         E        F      G
               +---------+---------+-------+---------+---------+-------+---------
         Total |       0 |  104747 |   0.0 |       0 |     631 |   0.0 | 27930
               +---------+---------+-------+---------+---------+-------+---------
           D:1 |       0 |      45 |   0.0 |       0 |      28 |   0.0 |  1492
           D:2 |       0 |      64 |   0.0 |       0 |      27 |   0.0 |  1004
           D:3 |       0 |      91 |   0.0 |       0 |      22 |   0.0 |  1136
           D:4 |       0 |     535 |   0.0 |       0 |      21 |   0.0 |  1424
           D:5 |       0 |     778 |   0.0 |       0 |      14 |   0.0 |   592
           D:6 |       0 |     912 |   0.0 |       0 |      17 |   0.0 |  1188
           D:7 |       0 |    2167 |   0.0 |       0 |      26 |   0.0 |  1324
           D:8 |       0 |    2903 |   0.0 |       0 |      48 |   0.0 |  1179
           D:9 |       0 |    1941 |   0.0 |       0 |      17 |   0.0 |   797
          D:10 |       0 |    1030 |   0.0 |       0 |      13 |   0.0 |  2089
          D:11 |       0 |    5786 |   0.0 |       0 |      24 |   0.0 |  2528
          D:12 |       0 |    6463 |   0.0 |       0 |      49 |   0.0 |  1073
          D:13 |       0 |   13381 |   0.0 |       0 |      58 |   0.0 |  2572
        Lair:1 |       0 |    6743 |   0.0 |       0 |      32 |   0.0 |  1357
        Lair:2 |       0 |    2704 |   0.0 |       0 |      15 |   0.0 |   747
        Lair:3 |       0 |    5537 |   0.0 |       0 |      34 |   0.0 |  1288
        Lair:4 |       0 |    2016 |   0.0 |       0 |       9 |   0.0 |   870
        Lair:5 |       0 |   20825 |   0.0 |       0 |      51 |   0.0 |  1576
        Lair:6 |       0 |   27163 |   0.0 |       0 |      61 |   0.0 |  2294
         Orc:1 |       0 |    2997 |   0.0 |       0 |      17 |   0.0 |   308
         Sewer |       0 |     117 |   0.0 |       0 |       9 |   0.0 |   312
       Ossuary |       0 |     549 |   0.0 |       0 |      39 |   0.0 |   692
               +---------+---------+-------+---------+---------+-------+---------
